 Dungeon Crawl Stone Soup version 0.29-a0-384-g6960b1960d (webtiles) character file.

Game seed: 5757144689224274663

582 jimonade the Conjurer (level 7, -5/40 HPs)
             Began as a Deep Elf Conjurer on May 7, 2022.
             Slain by an ice beast (10 damage)
             ... on level 7 of the Dungeon.
             The game lasted 00:14:20 (5495 turns).

jimonade the Conjurer (Deep Elf Conjurer)           Turns: 5495, Time: 00:14:21

Health: -5/40      AC:  6    Str:  1    XL:     7   Next: 14%
Magic:  14/18      EV:  8    Int: 30    God:
Gold:   482        SH:  9    Dex: 13    Spells: 12/18 levels left

rFire   . . .      SeeInvis +   l - +9 spear of the Eternal Warrior {pain, rElec Str-5 Int+7 Stlth+}
rCold   . . .      Faith    .   g - +2 kite shield
rNeg    + . .      Spirit   .   d - +0 leather armour
rPois   .          Reflect  .   (no helmet)
rElec   +          Harm     .   h - +1 cloak
rCorr   .          Rampage  .   q - +0 pair of gloves
Will    .....                   (no boots)
Stlth   +++.......              w - amulet of magic regeneration
HPRegen 0.13/turn               k - ring of positive energy
MPRegen 0.56/turn               p - ring of see invisible

@: no status effects
A: no striking features
a: no special abilities


You were on level 7 of the Dungeon.
You visited 1 branch of the dungeon, and saw 7 of its levels.
You also visited: Ossuary.

You collected 482 gold pieces.

Inventory:

Hand Weapons
 e - a +0 vorpal mace
 l - the +9 spear of the Eternal Warrior (weapon) {pain, rElec Str-5 Int+7 Stlth+}
   (You found it on level 2 of the Dungeon)

   In the hands of one skilled in necromantic magic, it inflicts extra damage on
   living creatures.
   Str:       It affects your strength (-5).
   Int:       It affects your intelligence (+7).
   rElec:     It insulates you from electricity.
   Stlth:     It makes you more stealthy.
 t - a +0 great sword
Missiles
 r - 4 poisoned darts
 E - 78 stones
Armour
 a - a +0 robe
 d - a +0 leather armour (worn)
 g - a +2 kite shield (worn)
 h - a +1 cloak (worn)
 q - a +0 pair of gloves (worn)
Jewellery
 k - a ring of positive energy (left hand)
 p - a ring of see invisible (right hand)
 w - an amulet of magic regeneration (around neck)
Scrolls
 c - a scroll of teleportation {unknown}
 m - a scroll of vulnerability
Potions
 b - 2 potions of magic
 f - 3 potions of curing
 j - 2 potions of lignification
 n - 3 potions of invisibility
 u - 2 potions of resistance
 x - 2 potions of brilliance
 z - a potion of cancellation {unknown}
 A - a potion of might {unknown}
 B - a potion of heal wounds {unknown}
 C - a potion of degeneration {unknown}


   Skills:
 * Level 2.5 Fighting
 - Level 2.4 Dodging
 - Level 2.6 Stealth
 + Level 6.4 Spellcasting
 + Level 7.2 Conjurations


You had 12 spell levels left.
You knew the following spells:

 Your Spells              Type           Power      Damage    Failure   Level
a - Magic Dart            Conj           100%       1d8       2%          1
b - Searing Ray           Conj           100%       2d8       4%          2
c - Dazzling Flash        Conj/Hex       62%        N/A       34%         3

Your spell library contained the following spells:

 Spells                   Type           Power      Damage    Failure   Level
 Animate Skeleton         Necr           18%        N/A       45%         1
 Pain                     Necr           36%        1d5       45%         1
 Corpse Rot               Necr/Air       18%        N/A       61%         2
 Poisonous Vapours        Pois/Air       18%        N/A       61%         2
 Fulminant Prism          Conj/Hex       15%        3d11      75%         4
 Iskenderun's Mystic Bla  Conj/Tloc      31%        2d8       75%         4
 Inner Flame              Hex/Fire       9%         N/A       83%         3
 Vampiric Draining        Necr           9%         2d6       83%         3
 Cause Fear               Hex            4%         N/A       99%         4
 Discord                  Hex            4%         N/A       100%        8


Dungeon Overview and Level Annotations

Branches:
Dungeon (7/15)            Ossuary (visited)
 Temple: D:4-7

Altars:

Annotations:
D:2 1 runed translucent door, Crazy Yiuf


Message History

Aim: an orc zombie (heavily damaged, 94% to hit)
The searing ray hits the orc zombie!
You destroy the orc zombie! (Press . to maintain the ray.) Magic restored.
Found a scroll of immolation.
Found 30 stones.
E - 78 stones (gained 30)
There are no items here.
You open the door.
There is an open door here.
An ice beast comes into view.
Casting: Searing Ray (safe; 4% risk of failure)
Confirm with . or Enter, or press ? or * to list all spells.
Aiming: Searing Ray (safe; 4% risk of failure)
Press: ? - help, Shift-Dir - straight line, f - ice beast
Aim: an ice beast (83% to hit)
The searing ray hits the ice beast.
The ice beast is lightly wounded. (Press . to maintain the ray.)
The ice beast hits you. The ice beast freezes you!
You hear a distant slurping noise.
The searing ray hits the ice beast!
The ice beast is heavily wounded.
The ice beast hits you. The ice beast freezes you!
The searing ray misses the ice beast.
The ice beast hits you. The ice beast freezes you!
* * * LOW HITPOINT WARNING * * *
Casting: Searing Ray (safe; 4% risk of failure)
Confirm with . or Enter, or press ? or * to list all spells.
Restarting spell: Searing Ray (safe; 4% risk of failure)
Press: ? - help, Shift-Dir - straight line, f/p - ice beast
Aim: an ice beast (heavily wounded, 83% to hit)
The searing ray hits the ice beast.
The ice beast is heavily wounded. (Press . to maintain the ray.)
The ice beast hits you.
* * * LOW HITPOINT WARNING * * *
The ice beast freezes you!
You die...

#.........#####
#....##...# ...
#######....##...##...
#................#...
#................#...
#................'...
#...##############...
#...##..# ###
#...@Y..# #.......#
#.......+ ######..#
###


You could see an ice beast.

Vanquished Creatures
  2 ogres (D:6)
  A bullfrog (D:6)
  A scorpion (D:6)
  An orc priest (D:3)
  2 hounds (D:6)
  9 mummies
  4 adders
  2 dart slugs
  5 orcs (D:3)
  6 endoplasms
  3 giant cockroaches
  6 goblins
  6 hobgoblins
  4 kobolds
  5 ball pythons
  6 bats
  2 frilled lizards (D:2)
  4 hobgoblin zombies (Ossuary)
  3 kobold zombies (Ossuary)
  2 orc zombies
  4 rats
78 creatures vanquished.

Notes
Turn   | Place    | Note
-------+----------+-------------------------------------------
     0 | D:1      | jimonade the Deep Elf Conjurer began the quest for the Orb.
     0 | D:1      | Reached XP level 1. HP: 10/10 MP: 6/6
   278 | D:1      | Reached XP level 2. HP: 15/15 MP: 5/8
   522 | D:1      | Reached skill level 5 in Conjurations
  1076 | D:2      | Found a runed translucent door.
  1077 | D:2      | Noticed Crazy Yiuf
  1208 | D:2      | Reached XP level 3. HP: 19/19 MP: 3/9
  1468 | D:2      | Identified the +9 spear of the Eternal Warrior {pain, rElec
                  | Str-5 Int+7 Stlth+}
  2246 | D:3      | Reached XP level 4. HP: 18/24 MP: 9/11
  2512 | D:2      | Learned a level 2 spell: Searing Ray
  2516 | D:2      | Learned a level 3 spell: Dazzling Flash
  2690 | D:3      | Reached skill level 1 in Fighting
  2760 | D:3      | Found a faded altar of an unknown god.
  3270 | D:4      | You fall into a shaft and drop 2 floors!
  3286 | D:6      | Noticed a bullfrog
  3439 | D:6      | Reached skill level 6 in Conjurations
  3439 | D:6      | Reached XP level 5. HP: 24/29 MP: 13/13
  3482 | D:6      | Noticed an ogre
  3489 | D:6      | Killed an ogre
  3532 | D:6      | Noticed an ogre
  3537 | D:6      | Killed an ogre
  3538 | D:6      | Reached skill level 5 in Spellcasting
  3538 | D:6      | Reached XP level 6. HP: 35/35 MP: 11/15
  3750 | D:6      | Found a sand-covered staircase.
  3757 | Ossuary  | Entered an ossuary
  4179 | D:6      | Reached skill level 7 in Conjurations
  4250 | D:6      | Reached XP level 7. HP: 34/40 MP: 12/18
  5327 | D:5      | Entered Level 5 of the Dungeon
  5495 | D:7      | Slain by an ice beast

Illustrated notes

Levels and vault maps discovered:
D:1:      psy_arrival_statuary, layout_loops_ring
D:2:      layout_loops_cross, uniq_crazy_yiuf_cottage
D:3:      layout_loops_ring, hellmonk_ecumenical_altar_lost_god
D:4:      layout_layer_cave, minmay_misc_feat_secret_circle, uniq_grinder
D:5:      nicolae_cairo_tiling, layout_gridville, ashenzari_altar_1,
          portal_sewer_entry_a, minmay_misc_feat_tower, uniq_sigmund,
          uniq_duvessa, uniq_menkaure
D:6:      layout_basic, gup_ossuary_entry_pyramid
D:7:      layout_gridville, minmay_temple_entry_antechambers,
          minmay_mini_ossuary

Skill      XL: |  1  2  3  4  5  6 |
---------------+-------------------+-----
Conjurations   | 5 6 7 |  7.2
Fighting       | 1 2 |  2.5
Spellcasting   | 4 5 6 |  6.4
Dodging        | |  2.4
Stealth        | |  2.6

Action                   |  1- 3 |  4- 6 |  7- 9 || total
-------------------------+-------+-------+-------++-------
Melee: Mace              |    17 |       |       ||    17
       Spear             |    23 |    23 |       ||    46
 Cast: Magic Dart        |    38 |    71 |     2 ||   111
       Searing Ray       |       |    11 |     4 ||    15
  Use: Scroll            |       |       |    12 ||    12
 Stab: Sleeping          |     8 |     4 |       ||    12
Armor: Robe              |     4 |       |       ||     4
       Leather armour    |     6 |     5 |     1 ||    12
Dodge: Dodged            |     5 |     2 |       ||     7
Block: Kite shield       |    10 |     9 |       ||    19

Table legend: (Time is in decaauts)
 A = Elapsed time spent in this place.
 B = Non-inter-level travel time spent in this place.
 C = Inter-level travel time spent in this place.
 D = Time resting spent in this place.
 E = Time spent auto-exploring this place.
 F = Levels seen in this place.
 G = Mean time per level.
                   A        B        C        D        E       F      G
               +--------+--------+--------+--------+--------+-----+--------+
         Total |   5519 |   5048 |    471 |    540 |   3215 |   8 |  689.9 |
       Dungeon |   5101 |   4630 |    471 |    389 |   3120 |   7 |  728.7 |
       Ossuary |    417 |    417 |      0 |    151 |     95 |   1 |  417.0 |
               +--------+--------+--------+--------+--------+-----+--------+

Top non-repeatable levels by time:
     D:6: 1702 daAuts
     D:2: 1506 daAuts
     D:1: 918 daAuts
     D:3: 867 daAuts
 Ossuary: 417 daAuts
     D:7: 91 daAuts
     D:5: 14 daAuts
